 Dungeon Sprint DCSS version 0.30.1-6-gbe392663c4 (webtiles) character file.

Game seed: 2211418226178367688

25 CarvArkoylaein the Trooper (level 2, 29/29 HPs)
             Began as a Minotaur Fighter on Sept 21, 2023.
             Quit the game in the Dungeon (Sprint I: "Red Sonja").
             The game lasted 00:00:34 (14 turns).

CarvArkoylaein the Trooper (Minotaur Fighter)         Turns: 14, Time: 00:00:34

Health: 29/29      AC:  7    Str: 18 (20) XL:     2   Next: 82%
Magic:  1/1        EV:  9    Int:  3 (5)  God:
Gold:   0          SH:  4    Dex:  6 (9)  Spells: 1/1 levels left

rFire   . . .        a - +0 war axe
rCold   . . .        c - +0 buckler
rNeg    . . .        b - +0 scale mail
rPois   .            (helmet restricted)
rElec   .            (no cloak)
rCorr   .            (no gloves)
SInv    .            (no boots)
Will    .....        (no amulet) Stlth
                     (no ring)
HPRegen 0.24/turn    (no ring)
MPRegen 0.07/turn

%: no teleportation
@: on berserk cooldown, slowed, very slow
A: horns 2, retaliatory headbutt
a: no special abilities


You were in the Dungeon.
You visited 1 branch

Inventory:

Hand Weapons
 a - a +0 war axe (weapon)
Armour
 b - a +0 scale mail (worn)
 c - a +0 buckler (worn)
Wands
 i - a wand of paralysis (9)
Scrolls
 j - a scroll of blinking
Potions
 d - a potion of might
 e - a potion of curing
 f - a potion of heal wounds
 g - a potion of haste
 h - 2 potions of magic


   Skills:
 + Level 5.2 Fighting
 + Level 3.2 Axes
 + Level 5.2 Armour
 + Level 5.1 Shields


You had one spell level left.
You didn't know any spells.
Your spell library was empty.

Dungeon Overview and Level Annotations

Branches:
Dungeon (1/1)

Altars:


Innate Abilities, Weirdness & Mutations

You have a pair of horns on your head.
You reflexively headbutt those who attack you in melee.


Message History

Press ? for a list of commands and other information.
Found a staircase leading out of the dungeon.
A red film seems to cover your vision as you go berserk!
You feel yourself moving faster!
You feel mighty!
The door flies open with a bang!
You feel a strong urge to attack something.
Ijyb the Twisted Goblin comes into view.
She is wielding a +0 club and carrying a wand of paralysis (12).
Ijyb shouts!
Ijyb zaps a wand.
You suddenly lose the ability to move!
Ijyb zaps a wand.
You shrug off the repeated paralysis!
Ijyb hits you but does no damage.
You can move again.
You slash Ijyb!
Ijyb is moderately wounded.
You block Ijyb's attack.
You hit Ijyb.
Ijyb is heavily wounded.
Ijyb zaps a wand.
You shrug off the repeated paralysis!
You closely miss Ijyb.
Ijyb is heavily wounded.
Ijyb hits you but does no damage.
You slice Ijyb!!
You kill Ijyb!
Your Fighting skill gained 2 levels and is now at level 5!
Your Axes skill increases to level 3!
Your Armour skill gained 2 levels and is now at level 5!
Your Shields skill gained 2 levels and is now at level 5!
You have reached level 2!
You are no longer berserk.
You are exhausted.
You feel yourself slow down.
i - a wand of paralysis (9);
k - a murky purple potion
There is an open door, spattered with blood here.
Things that are here:
a +0 club; a +0 leather armour It was a potion of degeneration.
There was something very wrong with that liquid.
You feel weakened.
You feel dopey.
You feel clumsy.
Are you sure you want to abandon this character and quit the game? (Confirm with "yes".)

#######
#<.#..+
#..@..#
#..####
#..#
#..#
#..#
#⌠⌠#
####


There were no monsters in sight!

Vanquished Creatures
  Ijyb (D)
1 creature vanquished.

Notes
Turn   | Place    | Note
-------+----------+-------------------------------------------
     0 | D        | CarvArkoylaein the Minotaur Fighter began the quest for the
                  | Orb.
     0 | D        | Reached XP level 1. HP: 19/19 MP: 0/0
     2 | D        | Noticed Ijyb
     2 | D        | Paralysed by Ijyb for 4 turns
    10 | D        | Killed Ijyb
    11 | D        | Reached skill level 5 in Fighting
    11 | D        | Reached skill level 5 in Armour
    11 | D        | Reached skill level 5 in Shields
    11 | D        | Reached XP level 2. HP: 29/29 MP: 1/1
    14 | D        | Quit the game

Illustrated notes

Levels and vault maps discovered:
D:        dungeon_sprint_1 [red_sonja_temple_1, red_sonja_temple_small_1]

Skill      XL: |  1 |
---------------+----+-----
Fighting       | 5 |  5.2
Axes           | 3 |  3.2
Armour         | 5 |  5.2
Shields        | 5 |  5.1

Action                     || total
---------------------------++-------
  Melee: War axe           ||     4
    Use: Potion            ||     2
 Armour: Scale mail        ||     2
  Block: Buckler           ||     1
